 Dungeon Crawl Stone Soup version 0.32-a0-40-g2adb59ae06 (webtiles) character file.

Game seed: 16032070359522759484

93835 Dirtsage the Mimic (level 16, -6/112 HPs)
             Began as an Octopode Shapeshifter on Jan 24, 2024.
             Was the Champion of the Shining One.
             Mangled by a sixfirhy (12 damage)
             ... summoned by an orc high priest
             ... on level 2 of the Orcish Mines.
             The game lasted 00:55:42 (19251 turns).

Dirtsage the Mimic (Octopode Shapeshifter)         Turns: 19251, Time: 00:55:43

Health: -6/112     AC:  1    Str: 24    XL:     16   Next: 9%
Magic:  24/24      EV: 32    Int:  9    God:    the Shining One [******]
Gold:   1758       SH:  0    Dex: 29    Spells: 5/15 levels left

rFire   + .          .
                       - Unarmed
rCold   . . .        (shield currently unavailable)
rNeg    + + +        (helmet restricted)
rPois   +            N - necklace of Bloodlust {Fury *Rage Will++ Int-3 Slay+6}
rElec   .            C - ring of resist corrosion
rCorr   +            f - +6 ring of strength
SInv    +            S - ring of see invisible
Will    +++..        v - +4 ring of slaying
Stlth   ++           W - ring of wizardry
HPRegen 0.38/turn    J - ring "Ciahuo Cupp" {rPois rF+ Str+2}
MPRegen 0.19/turn    R - +6 ring of dexterity
                     L - +6 ring of dexterity

%: random rage (50%), wizardry (x1)
@: flux-form, on berserk cooldown, slowed, glowing, studying Shields, very slow
A: glow, contaminating, almost no armour, amphibious, 8 rings, camouflage 1,
gelatinous body 1, (nimble swimmer 1), tentacles
a: Begin Untransformation, Renounce Religion, Divine Shield, Cleansing Flame,
Summon Divine Warrior, Brand Weapon With Holy Wrath


You were on level 2 of the Orcish Mines.
You worshipped the Shining One.
The Shining One was exalted by your worship.
You were something dangerously unstable.
You visited 4 branches of the dungeon, and saw 22 of its levels.

You collected 2254 gold pieces.
You spent 496 gold pieces at shops.

Inventory:

Hand Weapons
 i - the +6 double sword of Saltpetre {freeze, rElec rF++ Dex+3 Stlth+}
   (You found it on level 1 of the Orcish Mines)

   Dex+3:     It affects your dexterity (+3).
   rF++:      It greatly protects you from fire.
   rElec:     It insulates you from electricity.
   Stlth+:    It makes you more stealthy.
Missiles
 A - 4 curare-tipped darts (quivered)
Jewellery
 f - a +6 ring of strength (right tentacle)
 r - an amulet of regeneration
 v - a +4 ring of slaying (on tentacle)
 C - a ring of resist corrosion (left tentacle)
 D - an amulet of faith
 J - the ring "Ciahuo Cupp" (on tentacle) {rPois rF+ Str+2}
   (You found it on level 5 of the Lair of Beasts)

   [ring of protection from fire]

   Str+2:     It affects your strength (+2).
   rF+:       It protects you from fire.
   rPois:     It protects you from poison
 L - a +6 ring of dexterity (on tentacle)
 N - the necklace of Bloodlust (around mantle) {Fury *Rage Will++ Int-3 Slay+6}
   (You found it on level 1 of the Orcish Mines)

   [amulet of nothing]

   Fury:      It extends the wearer's berserk rage when killing foes.
   Int-3:     It affects your intelligence (-3).
   Slay+6:    It affects your accuracy & damage with ranged weapons and melee
   (+6).
   Will++:    It greatly increases your willpower.
   *Rage:     It berserks you when you make melee attacks (+50% chance).
 R - a +6 ring of dexterity (on tentacle)
 S - a ring of see invisible (on tentacle)
 W - a ring of wizardry (on tentacle)
Talismans
 c - a flux talisman (active)
 E - a beast talisman
Wands
 a - a wand of flame (1)
 w - a wand of polymorph (16)
 z - a wand of acid (5)
 G - a wand of paralysis (8)
 K - a wand of roots (6)
Scrolls
 b - a scroll of butterflies
 g - 3 scrolls of fear
 k - a scroll of silence
 m - a scroll of revelation
 o - 5 scrolls of enchant armour
 s - 2 scrolls of poison
 t - 5 scrolls of teleportation
 y - a scroll of vulnerability
 B - 4 scrolls of blinking
 F - 2 scrolls of noise
 H - 3 scrolls of fog
 Q - 3 scrolls of amnesia
Potions
 d - 4 potions of might
 e - 10 potions of ambrosia
 h - 3 potions of haste
 j - 3 potions of brilliance
 l - 3 potions of heal wounds
 n - 2 potions of resistance
 p - a potion of degeneration
 q - 6 potions of curing
 u - 3 potions of cancellation
 x - a potion of enlightenment {unknown}
 I - 2 potions of berserk rage
 M - 5 potions of lignification
 O - 2 potions of magic
 P - a potion of mutation
 T - a potion of attraction


   Skills:
 + Level 11.3 Fighting
 + Level 14.1 Dodging
 + Level 11.5 Unarmed Combat
 + Level 7.6 Translocations
 - Level 8.2 Ice Magic
 + Level 10.9 Invocations
 * Level 14.5 Shapeshifting


You had 5 spell levels left.
You knew the following spells:

 Your Spells              Type           Power      Damage    Failure   Level
a - Manifold Assault      Tloc           13%        N/A       8%          4
b - Frozen Ramparts       Ice            28%        1d5       1%          3
A - Ozocubu's Armour      Ice            14%        N/A       1%          3

Your spell library contained the following spells:

 Spells                   Type           Power      Damage    Failure   Level
 Apportation              Tloc           26%        N/A       1%          1
 Freeze                   Ice            56%        1d7       1%          1
 Lesser Beckoning         Tloc           26%        N/A       1%          2
 Hailstorm                Conj/Ice       7%         3d5       9%          3
 Summon Ice Beast         Ice/Summ       7%         N/A       9%          3
 Jinxbite                 Hex            0%         N/A       24%         2
 Static Discharge         Conj/Air       0%         3-3/arc   24%         2
 Dimensional Bullseye     Hex/Tloc       3%         N/A       32%         4
 Iskenderun's Mystic Bla  Conj/Tloc      6%         2d4       32%         4
 Fugue of the Fallen      Necr           0%         N/A       43%         3
 Tukima's Dance           Hex            0%         N/A       43%         3
 Airstrike                Air            0%         2d(0-16)  82%         4
 Brom's Barrelling Bould  Conj/Erth      0%         2d3       82%         4
 Summon Blazeheart Golem  Fire/Summ      0%         N/A       82%         4
 Summon Lightning Spire   Summ/Air       0%         N/A       82%         4
 Alistair's Intoxication  Alch           0%         N/A       98%         5
 Fireball                 Conj/Fire      0%         3d3       98%         5
 Iskenderun's Battlesphe  Conj           0%         2d6       98%         5
 Dispersal                Tloc           6%         N/A       69%         6
 Sculpt Simulacrum        Ice/Alch       3%         N/A       98%         6
 Conjure Ball Lightning   Conj/Air       0%         3x3d6     100%        6
 Orb of Destruction       Conj           0%         9d5       100%        7
 Discord                  Hex            0%         N/A       100%        8
 Disjunction              Tloc           6%         N/A       100%        8
 Summon Horrible Things   Summ           0%         N/A       100%        8


Dungeon Overview and Level Annotations

Branches:
Dungeon (14/15)            Temple (1/1) D:4            Lair (5/5) D:10
 Shoals (0/4) Lair:2       Spider (0/4) Lair:2        Slime (0/5) Lair:4
    Orc (2/2) D:11            Elf (0/3) Orc:2        Vaults (0/5) D:14

Altars:
Ashenzari
Cheibriados
Dithmenos
Elyvilon
Fedhas
Gozag
Hepliaklqana
Kikubaaqudgha
Makhleb
Nemelex Xobeh
Okawaru
Qazlal
Ru
Sif Muna
Trog
Uskayaw
Vehumet
Wu Jian
Xom
Yredelemnul
Zin
The Shining One
Jiyva

Shops:
D:4 *   D:5 :   D:6 [[   Orc:1 *   Orc:2 !*:

Portals:
Hell: Lair:5

Annotations:
D:2 1 runed translucent door, Crazy Yiuf
Lair:5 3 runed translucent doors, Ducan's ghost, journeyman DsBe


Innate Abilities, Weirdness & Mutations

You are something dangerously unstable.
You glow with magical radiation, making you easy to see and hit.
Foes you strike become dangerously contaminated with magical radiation.
You are incapable of wielding weapons or throwing items.
You cannot wear most types of armour.
You are amphibious.
You can wear up to eight rings at the same time.
Your skin changes colour to match your surroundings (Stealth+).
Your rubbery body absorbs attacks. (AC +1, EV +1)
((You are camouflaged when in or above water. (Stealth+)))
You have tentacles for arms and can constrict up to eight enemies at once.


Message History

The bolt of fire misses you.
You bludgeon the sixfirhy!
The sixfirhy begins to glow.
Your grab misses the sixfirhy.
The sixfirhy is moderately wounded.
The sixfirhy completely misses you. x4; The sixfirhy misses you.
You bludgeon the sixfirhy!
The sixfirhy glows dangerously bright.
Your grab misses the sixfirhy.
The sixfirhy is heavily wounded.
The sixfirhy completely misses you.
The sixfirhy hits you but does no damage.
You completely miss the sixfirhy. You grab the sixfirhy.
The sixfirhy is heavily wounded.
You constrict the sixfirhy.
The orc high priest stops glowing.
The orc sorcerer closely misses you.
The orc high priest utters an invocation to Beogh.
You bludgeon the orc sorcerer!
The orc sorcerer begins to glow.
You grab the orc sorcerer. You squeeze the orc sorcerer!
The orc sorcerer is severely wounded.
You constrict the orc sorcerer. You constrict the sixfirhy.
The sixfirhy completely misses you.
The orc sorcerer struggles to escape constriction.
The sixfirhy completely misses you.
You bludgeon the orc sorcerer!
You kill the orc sorcerer!
The Shining One accepts your kill.
You constrict the sixfirhy. The sixfirhy completely misses you.
The sixfirhy misses you. The sixfirhy hits you! The sixfirhy shocks you!
The sixfirhy closely misses you. The sixfirhy hits you!
* * * LOW HITPOINT WARNING * * *
The sixfirhy shocks you!
* * * LOW HITPOINT WARNING * * *
You take 52 damage, and have 15/112 hp.
MASSIVE DAMAGE!!
You tentacle-slap the orc high priest.
The orc high priest begins to glow.
You grab the orc high priest. You squeeze the orc high priest.
The orc high priest is heavily wounded.
You constrict the orc high priest. You constrict the sixfirhy.
The sixfirhy hits you!
* * * LOW HITPOINT WARNING * * *
The sixfirhy shocks you!
You die...

##.## ##.... ##∩.∩##
##### ##.....## #.
##..#.#..## ##.
##.........## #..
##...#.#.#.))## ##.
#..........)4)## ####..
#..#.#.....#)#3o##
##.#.).
#..##.)..#...o##p.##
####..#...
..###...###)).###..##
##.#...)).# .###...##
##..§###).###...#.....)
###...##
##...###..##........)<
##..)##
##..3###........#..).
#...##
##.4.###...#.####..)
.#o##. ##o#.###.####
##.. .)##.o# ##...####
### .#)##.o# ##.#.## #.


You could see an orc high priest (contam), an ice devil (summoned) and a
sixfirhy (summoned, contam).

Vanquished Creatures
  Agnes (D:14)
  A stone giant (Orc:1)
  Nessos (D:14)
  Snorg (D:14)
  3 hydras
  A vault guard (D:14)
  2 catoblepae
  A centaur warrior (D:13)
  A boulder beetle (D:7)
  5 two-headed ogres (Orc:1)
  Erica (Lair:1)
  A tengu warrior (D:14)
  8 death yaks
  6 orc high priests
  A fire crab (Lair:4)
  2 skysharks (Lair:5)
  2 sun demons
  Sonja (Lair:3)
  2 skeletal warriors
  2 arcanists
  4 orc knights
  2 deep elf pyromancers
  An oklob plant (Lair:5)
  7 cyclopes
  8 ugly things
  A wolf spider zombie (D:13)
  5 orc sorcerers
  2 manticores
  10 elephants
  5 black mambas
  2 meliai (D:13)
  2 kobold blastminers (Orc:1)
  5 centaur zombies (D:13)
  2 orange demons (Lair:5)
  2 torpor snails (Lair:1)
  6 rime drakes
  A gargoyle (D:10)
  8 cane toads
  3 efreet
  An unseen horror (D:12)
  2 kobold demonologists (D:14)
  A freezing wraith (D:14)
  Psyche (D:8)
  A red devil (Lair:5)
  8 komodo dragons
  2 ice devils (Lair:5)
  2 tengu conjurers (D:14)
  9 trolls
  2 hellwings
  2 polar bears (Lair:5)
  A queen bee (D:13)
  A silent spectre (Orc:1)
  25 blink frogs
  6 dream sheep (Lair:3)
  2 slime creatures (D:14)
  2 culicivoras (Lair:2)
  Sigmund (D:6)
  72 yaks
  2 vampires
  4 wraiths
  A ynoxinul (Orc:2)
  10 wyverns
  A human (shapeshifter) (D:14)
  4 vampire mosquitoes
  2 steam dragons
  7 basilisks
  3 acid dragons (D:11)
  Edmund (D:4)
  5 hell hounds (Lair:5)
  17 water moccasins
  2 black bears
  28 orc warriors
  2 ice beasts
  6 ogres
  A sky beast (D:8)
  A boggart (D:14)
  23 wolves
  10 centaurs
  6 kobold brigands
  A phantom (D:4)
  14 bullfrogs
  3 gnoll sergeants
  3 scorpions
  8 wights
  19 killer bees
  3 electric eels
  3 howler monkeys
  4 bombardier beetles
  3 hounds
  A gnoll bouda (D:9)
  A sleepcap (D:4)
  A jelly (D:5)
  18 orc priests
  Jessica (D:2)
  23 orc wizards
  4 iguanas
  2 hell rats (Lair:4)
  Robin (D:2)
  18 gnolls
  10 river rats (Lair:4)
  8 adders
  2 shadow imps
  A white imp (D:7)
  2 dart slugs
  A ribbon worm (D:3)
  68 orcs
  7 bats
  10 endoplasms
  3 giant cockroaches
  14 goblins
  5 hobgoblins
  3 jackals (D:1)
  35 kobolds
  3 quokkas
  5 ball pythons (D:1)
  4 frilled lizards
  9 rats
717 creatures vanquished.

Notes
Turn   | Place    | Note
-------+----------+-------------------------------------------
     0 | D:1      | Dirtsage the Octopode Shapeshifter began the quest for the
                  | Orb.
     0 | D:1      | Reached XP level 1. HP: 13/13 MP: 1/1
   134 | D:1      | Reached XP level 2. HP: 18/18 MP: 2/2
   442 | D:1      | Reached XP level 3. HP: 22/23 MP: 3/3
   816 | D:2      | Reached XP level 4. HP: 24/29 MP: 4/4
  1284 | D:2      | Noticed Jessica
  1290 | D:2      | Killed Jessica
  1307 | D:2      | Got Jessica's Lessons on Distance
  1331 | D:2      | Reached XP level 5. HP: 34/34 MP: 5/5
  1344 | D:2      | Found a runed translucent door.
  1345 | D:2      | Noticed Crazy Yiuf
  1401 | D:2      | Noticed Robin
  1414 | D:2      | Killed Robin
  1946 | D:3      | Found an ancient bone altar of Kikubaaqudgha.
  2323 | D:4      | Found a staircase to the Ecumenical Temple.
  2332 | Temple   | Entered the Ecumenical Temple
  2345 | Temple   | Became a worshipper of the Shining One
  2486 | D:4      | Noticed Edmund
  2500 | D:4      | Killed Edmund
  2501 | D:4      | Reached XP level 6. HP: 29/41 MP: 6/6
  2655 | D:4      | Identified the +4 ring mail of Defence {rC+ Regen+ rCorr
                  | Dex-4}
  2734 | D:4      | Found Rogg's Gadget Gallery.
  2781 | D:4      | Reached skill level 5 in Shapeshifting
  2799 | D:4      | Reached XP level 7. HP: 39/46 MP: 7/7
  3000 | D:5      | Entered Level 5 of the Dungeon
  3051 | D:5      | Found Itiumn's Book Shop.
  3417 | D:5      | Reached XP level 8. HP: 54/54 MP: 8/8
  3580 | D:5      | Reached skill level 5 in Unarmed Combat
  3605 | D:6      | Noticed Sigmund
  3606 | D:6      | Found Fulem's Antique Armour Boutique.
  3740 | D:6      | Reached skill level 5 in Dodging
  3926 | D:6      | Killed Sigmund
  3927 | D:6      | Reached skill level 1 in Invocations
  3951 | D:6      | Found Ahupennol's Armour Boutique.
  4137 | D:6      | Reached XP level 9. HP: 15/60 MP: 10/10
  4211 | D:6      | Reached skill level 5 in Fighting
  4342 | D:6      | Reached * piety under the Shining One
  4564 | D:7      | Learned a level 3 spell: Ozocubu's Armour
  4672 | D:7      | Noticed a boulder beetle
  4723 | D:7      | Killed a boulder beetle
  4724 | D:7      | Reached skill level 1 in Ice Magic
  5033 | D:8      | Noticed Psyche
  5040 | D:7      | Reached XP level 10. HP: 65/68 MP: 11/13
  5695 | D:8      | Killed Psyche
  6260 | D:9      | Reached skill level 5 in Invocations
  6379 | D:9      | Reached ** piety under the Shining One
  7109 | D:10     | Entered Level 10 of the Dungeon
  7232 | D:10     | Found a staircase to the Lair.
  7232 | D:10     | Noticed a death yak
  7232 | D:10     | Noticed an elephant
  7263 | D:10     | Killed a death yak
  7264 | D:10     | Reached XP level 11. HP: 42/74 MP: 7/15
  8035 | Lair:1   | Entered Level 1 of the Lair of Beasts
  8061 | Lair:1   | Reached skill level 10 in Shapeshifting
  8073 | Lair:1   | Reached skill level 10 in Dodging
  8167 | Lair:1   | Noticed Erica
  8177 | Lair:1   | Killed Erica
  8244 | Lair:1   | Reached skill level 5 in Ice Magic
  8366 | Lair:1   | Reached *** piety under the Shining One
  8400 | Lair:1   | Reached XP level 12. HP: 82/82 MP: 15/17
  8699 | Lair:1   | Noticed a death yak
  8717 | Lair:1   | Noticed a death yak
  8717 | Lair:1   | Noticed a death yak
  8719 | Lair:1   | Killed a death yak
  8729 | Lair:1   | Killed a death yak
  8730 | Lair:1   | Reached skill level 1 in Translocations
  8735 | Lair:1   | Killed a death yak
  9288 | Lair:2   | Found a staircase to the Shoals.
  9329 | Lair:2   | Found a shimmering altar of Xom.
  9433 | Lair:2   | Got the Octavo of Shifting and the Familiar
  9653 | Lair:2   | Found a hole to the Spider Nest.
 10082 | Lair:3   | Noticed Sonja
 10386 | Lair:3   | Reached XP level 13. HP: 84/89 MP: 16/18
 10768 | Lair:3   | Killed Sonja
 10871 | Lair:3   | Learned a level 3 spell: Frozen Ramparts
 11516 | Lair:4   | Reached **** piety under the Shining One
 11628 | Lair:4   | Found a viscous altar of Jiyva.
 11630 | Lair:4   | Found a staircase to the Slime Pits.
 12598 | Lair:5   | Entered Level 5 of the Lair of Beasts
 12693 | Lair:5   | Reached XP level 14. HP: 84/97 MP: 13/20
 12904 | Lair:5   | Reached skill level 10 in Unarmed Combat
 12910 | Lair:5   | Reached skill level 5 in Translocations
 13301 | Lair:5   | Found a burning altar of Makhleb.
 13357 | Lair:5   | Reached ***** piety under the Shining One
 13432 | Lair:5   | Found a gateway to Hell.
 13439 | Lair:5   | Identified the +0 halberd "Impslayer" {drain, rN+ Will-
                  | Dex+3}
 13439 | Lair:5   | Identified the ring "Ciahuo Cupp" {rPois rF+ Str+2}
 13588 | Lair:5   | Reached skill level 10 in Fighting
 13626 | Lair:5   | Learned a level 4 spell: Manifold Assault
 13629 | Lair:5   | Found a runed translucent gate.
 13630 | Lair:5   | Found a runed translucent gate.
 13631 | Lair:5   | Found a runed translucent gate.
 13631 | Lair:5   | Noticed an azure jelly
 13700 | Lair:5   | Found a viscous altar of Jiyva.
 13700 | Lair:5   | Noticed an azure jelly
 13700 | Lair:5   | Noticed an acid blob
 13700 | Lair:5   | Noticed an acid blob
 13700 | Lair:5   | Noticed Ducan's ghost (journeyman DsBe)
 13700 | Lair:5   | Noticed a rockslime
 13700 | Lair:5   | Noticed an azure jelly
 13700 | Lair:5   | Noticed an acid blob
 13700 | Lair:5   | Found the ring of the Octopus King
 13700 | Lair:5   | Noticed an azure jelly
 13701 | Lair:5   | Noticed an acid blob
 13938 | Lair:5   | Found a blossoming altar of Fedhas.
 14559 | D:11     | Found a staircase to the Orcish Mines.
 15622 | D:13     | Reached XP level 15. HP: 99/104 MP: 22/22
 16009 | D:13     | Reached skill level 10 in Invocations
 16437 | D:14     | Noticed Nessos
 16477 | D:14     | Noticed Agnes
 16484 | D:14     | Killed Agnes
 16550 | D:14     | Killed Nessos
 16719 | D:14     | Reached ****** piety under the Shining One
 16936 | D:14     | Noticed Snorg
 16950 | D:14     | HP: 1/105 [freezing wraith (16)]
 16969 | D:14     | Killed Snorg
 17040 | D:14     | Found a gate to the Vaults.
 17221 | Orc:1    | Entered Level 1 of the Orcish Mines
 17249 | Orc:1    | Found Kirye's Assorted Antiques.
 17260 | Orc:1    | Bought a scroll of identify for 60 gold pieces
 17260 | Orc:1    | Bought a scroll of identify for 60 gold pieces
 17327 | Orc:1    | Paralysed by an orc sorcerer for 3 turns
 17937 | Orc:1    | Found a transporter.
 17946 | Orc:1    | Found a transporter.
 17966 | Orc:1    | Found a runed translucent door.
 17966 | Orc:1    | Found a bloodstained altar of Trog.
 17966 | Orc:1    | Found the necklace of Bloodlust {Fury *Rage Will++ Int-3
                  | Slay+6}
 17967 | Orc:1    | Noticed a deep elf sorcerer
 18081 | Orc:1    | Noticed a deep elf elementalist
 18232 | Orc:1    | Noticed a deep elf elementalist
 18267 | Orc:1    | Identified the +6 double sword of Saltpetre {freeze, rElec
                  | rF++ Dex+3 Stlth+}
 18284 | Orc:1    | Identified the +0 crystal plate armour of Icly {Str+2
                  | Dex+4}
 18386 | Orc:2    | Entered Level 2 of the Orcish Mines
 18386 | Orc:2    | Found a staircase to the Elven Halls.
 18479 | Orc:2    | Noticed a walking crystal tome
 18480 | Orc:2    | Found Pimuuv's Book Shop.
 18482 | Orc:2    | Noticed a walking earthen tome
 18721 | Orc:2    | Found Qutor's General Store.
 18727 | Orc:2    | Found Ynoygu's Distillery.
 18840 | Orc:2    | Bought a potion of mutation for 112 gold pieces
 18842 | Orc:2    | Bought a potion of might for 44 gold pieces
 18842 | Orc:2    | Bought a potion of lignification for 33 gold pieces
 18842 | Orc:2    | Bought a potion of lignification for 33 gold pieces
 18842 | Orc:2    | Bought a potion of curing for 33 gold pieces
 18842 | Orc:2    | Bought a potion of heal wounds for 55 gold pieces
 18842 | Orc:2    | Bought a potion of curing for 33 gold pieces
 18842 | Orc:2    | Bought a potion of attraction for 33 gold pieces
 19203 | Orc:2    | Reached XP level 16. HP: 112/112 MP: 24/24
 19251 | Orc:2    | Mangled by a sixfirhy

Illustrated notes

Levels and vault maps discovered:
D:1:      heliophobic_arrival_henge, layout_basic
D:2:      layout_basic, kennysheep_jessica_study, uniq_crazy_yiuf_cottage,
          uniq_robin
D:3:      layout_rooms, kiku_gazebo_garden_becter
D:4:      layout_basic, temple_statues, serial_curves, eino_curves_02,
          eino_curves_01, eino_curves_03, eino_curves_03, nicolae_shop_gadgets,
          uniq_edmund
D:5:      wander_river, layout_basic, serial_shops, nicolae_stop_n_shop_2
D:6:      minmay_chambers_of_fours, layout_rooms, nicolae_wooded_promenade,
          uniq_sigmund
D:7:      layout_cave_pools
D:8:      layout_cave_pods, grunt_ministairs_1, kennysheep_boxes, uniq_psyche
D:9:      layout_loops_corners
D:10:     minmay_inner_zag, layout_irregular_city, david_lair_generic,
          kennysheep_generic_room_13
D:11:     layout_basic, minmay_orc_entry_temple_small
D:12:     layout_roguey
D:13:     layout_rooms, special_room [special_room_bee], serial_undead,
          serial_undead_b, serial_undead_d, serial_undead_b, serial_undead_e,
          due_unseen_surprise
D:14:     layout_long_grid, david_vaults_5, minmay_misc_feat_four_crosses,
          uniq_agnes, uniq_snorg, uniq_nessos
Temple:   grunt_wide_crystal_templ
Lair:1:   layout_cave_pods, uniq_erica
Lair:2:   layout_misc_corridors, minmay_shoals_entry_centaurs,
          hellmonk_spider_entry_life_and_decay, basic_altar, minivault_23,
          lemuel_fruit_tree
Lair:3:   layout_regular_city, grunt_megastairs_4, uniq_sonja
Lair:4:   layout_regular_city, slime_entry_1, chequers_serial_rivers_small_a,
          kennysheep_rathole
Lair:5:   evil_forest, layout_long_grid, gammafunk_ghost_ooze, tgw_fedhas,
          lemuel_fruit_fields
Orc:1:    emtedronai_trogs_sanctum, layout_diamond_mine, serial_shops,
          nicolae_shop_pleasant_corner_grove
Orc:2:    pf_orc_diabolical, layout_diamond_mine, serial_shops,
          nicolae_shop_mannequins

Skill      XL: |  1  2  3  4  5  6  7  8  9 10 11 12 13 14 15 |
---------------+----------------------------------------------+-----
Fighting       | 2 3 4 5 6 7 8 9 10 11 | 11.3
Shapeshifting  | 4 5 7 8 9 10 11 12 13 14 | 14.5
Dodging        | 3 4 6 7 9 10 11 12 13 14 | 14.1
Unarmed Combat | 4 5 6 7 8 9 10 11 | 11.5
Invocations    | 2 4 5 6 7 8 9 10 | 10.9
Ice Magic      | 1 3 5 6 7 8 |  8.2
Translocations | 3 4 6 7 |  7.6

Action                     |  1- 3 |  4- 6 |  7- 9 | 10-12 | 13-15 | 16-18 || total
---------------------------+-------+-------+-------+-------+-------+-------++-------
  Melee: Unarmed           |    74 |   102 |   159 |   493 |  1170 |    34 ||  2032
         Tentacles         |    18 |    25 |    50 |   161 |   419 |    12 ||   685
         Constrict         |    18 |    25 |    38 |    90 |   220 |    13 ||   404
         Punch             |     1 |     4 |     4 |       |       |       ||     9
   Cast: Ozocubu's Armour  |       |       |     1 |    17 |    39 |       ||    57
         Frozen Ramparts   |       |       |       |       |     8 |       ||     8
         Manifold Assault  |       |       |       |       |     1 |       ||     1
 Invoke: Divine Shield     |       |       |       |     5 |     7 |       ||    12
  Evoke: Wand              |       |       |     3 |     1 |     3 |       ||     7
    Use: Potion            |       |     1 |       |       |     1 |       ||     2
         Scroll            |       |       |     8 |    11 |     5 |       ||    24
   Stab: Sleeping          |    10 |     6 |       |       |       |       ||    16
 Armour: Skin              |    33 |    47 |    57 |   151 |   314 |     8 ||   610
  Dodge: Dodged            |    43 |    50 |    85 |   411 |  1087 |    28 ||  1704
  Block: Other             |       |       |       |    25 |    36 |       ||    61
   Form: Flux              |       |       |     1 |       |       |       ||     1

Table legend: (Time is in decaauts)
 A = Elapsed time spent in this place.
 B = Non-inter-level travel time spent in this place.
 C = Inter-level travel time spent in this place.
 D = Time resting spent in this place.
 E = Time spent auto-exploring this place.
 F = Levels seen in this place.
 G = Mean time per level.
                   A        B        C        D        E       F      G
               +--------+--------+--------+--------+--------+-----+--------+
         Total |  19009 |  17880 |   1129 |    363 |  12784 |  22 |  864.0 |
       Dungeon |  10773 |  10001 |    772 |    110 |   7658 |  14 |  769.5 |
        Temple |     26 |     14 |     12 |      0 |      0 |   1 |   26.0 |
          Lair |   6190 |   5899 |    291 |    129 |   4055 |   5 | 1238.0 |
  Orcish Mines |   2019 |   1967 |     52 |    124 |   1071 |   2 | 1009.5 |
               +--------+--------+--------+--------+--------+-----+--------+

Top non-repeatable levels by time:
  Lair:5: 1604 daAuts
  Lair:3: 1232 daAuts
  Lair:1: 1171 daAuts
   Orc:1: 1135 daAuts
  Lair:4: 1104 daAuts
  Lair:2: 1077 daAuts
     D:2: 1033 daAuts
     D:8: 1025 daAuts
    D:10: 944 daAuts
     D:9: 896 daAuts
   Orc:2: 884 daAuts
    D:13: 826 daAuts
     D:6: 805 daAuts
     D:1: 760 daAuts
     D:7: 724 daAuts
